 Dungeon Crawl Stone Soup version 0.31.0-7-gf635a9b802 (webtiles) character file.

Game seed: 9271750889884966831

16 zenocrate the Sneak (level 2, 0/13 HPs)
             Began as a Vine Stalker Enchanter on Jan 24, 2024.
             Slain by a goblin
             ... wielding a +0 club
             ... led by Robin
              (4 damage)
             ... on level 2 of the Dungeon.
             The game lasted 00:00:48 (400 turns).

zenocrate the Sneak (Vine Stalker Enchanter)         Turns: 400, Time: 00:00:49

Health: 0/13       AC:  2    Str: 10    XL:     2   Next: 54%
Magic:  0/6        EV: 12    Int: 15    God:
Gold:   25         SH:  0    Dex: 14    Spells: 5/5 levels left

rFire   . . .        a - +1 dagger
rCold   . . .        (no shield)
rNeg    . . .        b - +0 robe
rPois   +            (no helmet)
rElec   .            (no cloak)
rCorr   .            (no gloves)
SInv    .            (no boots)
Will    .....        (no amulet)
Stlth   +++          e - ring of poison resistance
HPRegen 1.02/turn    (no ring)
MPRegen 0.10/turn

%: guardian spirit
@: no status effects
A: fangs 2, regeneration 1, magic shield, antimagic bite, no potion heal 2
a: no special abilities


You were on level 2 of the Dungeon.
You visited 1 branch of the dungeon, and saw 2 of its levels.

You collected 25 gold pieces.

Inventory:

Hand Weapons
 a - a +1 dagger (weapon)
Missiles
 f - 3 javelins (quivered)
Armour
 b - a +0 robe (worn)
Jewellery
 e - a ring of poison resistance (left hand)
Scrolls
 d - a scroll of teleportation {unknown}
Potions
 c - 2 potions of invisibility


   Skills:
 + Level 1.2 Short Blades
 + Level 1.8 Dodging
 + Level 4.0 Stealth
 - Level 2.1 Spellcasting
 + Level 3.2 Hexes


You had 5 spell levels left.
You didn't know any spells.
Your spell library contained the following spells:

 Spells                   Type           Power      Damage    Failure   Level
 Ensorcelled Hibernation  Hex/Ice        12%        N/A       17%         2
 Confusing Touch          Hex            11%        N/A       17%         3
 Tukima's Dance           Hex            11%        N/A       17%         3
 Dazzling Flash           Conj/Hex       12%        N/A       34%         3


Dungeon Overview and Level Annotations

Branches:
Dungeon (2/15)

Altars:


Innate Abilities, Weirdness & Mutations

You have extremely sharp teeth.
Your natural rate of healing is unusually fast.
When hurt, damage is shared between your health and your magic reserves.
Your bite disrupts and absorbs the magic of your enemies.
Potions cannot restore your health.


Message History

You hit Robin but do no damage. You bite Robin. You drain their power.
You feel invigorated.
Robin is heavily wounded.
Robin hits you with a +0 club.
Unknown command.
You barely miss Robin. Your bite misses Robin.
Robin is heavily wounded.
The goblin barely misses you.
Unknown command.
Unknown command.
You hit Robin.
Robin is heavily wounded.
The goblin barely misses you. Robin closely misses you.
The hobgoblin hits you but does no damage.
Unknown command.
Unknown command.
You hit Robin. You bite Robin. You drain their power.
You feel invigorated.
Robin is severely wounded.
The goblin no longer looks unusually strong.
The goblin hits you with a +0 club. Robin barely misses you.
The hobgoblin misses you.
Unknown command.
Unknown command.
You don't know any spells.
You barely miss Robin.
Robin is severely wounded.
The goblin hits you with a +0 club. Robin throws the goblin at you!
The hobgoblin hits you.
* * * LOW HITPOINT WARNING * * *
Unknown command.
Unknown command.
You hit Robin but do no damage. Your bite misses Robin.
Robin is severely wounded.
The goblin barely misses you. Robin completely misses you.
Unknown command.
You hit Robin.
You kill Robin!
The hobgoblin no longer looks unusually strong.
The hobgoblin closely misses you. The goblin hits you with a +0 club.
You die...

#.................#
#.................#
#.......g.....#.#.#
#..gg...[.....#.#.#
#......####)#####.###
####.g.#.....).#....######
# #...#...≈...##....).<.#
. #...#..#.#..##g.......#
#####
##..'.≈:#)≈.g@........#
#...#
####..#.#..#)........#
#.#.# #...≈...#.........#
#.#.. #$......#....######
#.### ####+####....# #.##.
.........# #.##.
########.# #.##. #.# #.##.
#.# #.##.


You could see a hobgoblin and a goblin.

Vanquished Creatures
  Robin (D:2)
  An endoplasm (D:2)
  2 ball pythons (D:2)
  11 goblins (D:2)
15 creatures vanquished.

Notes
Turn   | Place    | Note
-------+----------+-------------------------------------------
     0 | D:1      | zenocrate the Vine Stalker Enchanter began the quest for
                  | the Orb.
     0 | D:1      | Reached XP level 1. HP: 9/9 MP: 4/4
    41 | D:1      | You fall into a shaft and drop 1 floor!
   162 | D:2      | Found a faded altar of an unknown god.
   281 | D:2      | Noticed Robin
   301 | D:2      | Reached skill level 1 in Short Blades
   323 | D:2      | Reached XP level 2. HP: 13/13 MP: 1/6
   393 | D:2      | Reached skill level 4 in Stealth
   400 | D:2      | Killed Robin
   400 | D:2      | Slain by a goblin

Illustrated notes

Levels and vault maps discovered:
D:1:      ncdulo_lavacross, layout_rooms
D:2:      layout_basic, hellmonk_ecumenical_altar_run_dry,
          kennysheep_generic_room_10, uniq_robin

Skill      XL: |  1  2 |
---------------+-------+-----
Short Blades   | 1 |  1.2
Stealth        | 4 |  4.0
Dodging        | |  1.8
Spellcasting   | |  2.1
Hexes          | |  3.2

Action                     || total
---------------------------++-------
  Melee: Dagger            ||    38
         Bite              ||     7
         Punch             ||     1
   Stab: Sleeping          ||     1
 Armour: Robe              ||    37
  Dodge: Dodged            ||    30
